 Dungeon Crawl Stone Soup version 0.32-a0-599-gba8f9cf90e (webtiles) character file.

Game seed: 17823232903169929966

466583 vknvnfl the Impregnable (level 23, 0/225 HPs)
             Began as a Minotaur Fighter on Mar 2, 2024.
             Was the Champion of Okawaru.
             Slain by Grunn
             ... wielding a +9 glaive of draining
              (17 damage)
             ... while paralysed by a vampire knight
             ... on level 2 of the Crypt on Mar 3, 2024.
             The game lasted 01:40:00 (48901 turns).

vknvnfl the Impregnable (Minotaur Fighter)         Turns: 48901, Time: 01:40:01

Health: 0/225      AC: 31    Str: 31    XL:     23   Next: 17%
Magic:  28/28      EV:  2    Int: 11    God:    Okawaru [******]
Gold:   7234       SH:  0    Dex:  7    Spells: 22/22 levels left

rFire   + + .        l - +9 broad axe (heavy)
rCold   + + +        Z - +1 kite shield of a bazaar {rF+ rC+ Int+4 Dex+2}
rNeg    + + +        m - +3 chain mail {rF+}
rPois   +            t - +2 hat
rElec   +            P - +2 cloak {rC+}
rCorr   .            f - +2 pair of gloves
SInv    .            I - +0 pair of boots "Finoorgh" {+Inv rN++ Dex-4 Stlth+}
Will    ++...        U - amulet "Pyfrouri" {Reflect rC+ rN+ SH+5} Stlth
                     X - +4 ring of slaying
HPRegen 0.57/turn    v - ring "Fetziulu" {rPois Will+ Int-2 Slay+4}
MPRegen 0.21/turn

%: reflection
@: paralysed, marked, doom-hounded
A: horns 2, retaliatory headbutt, clever 1, electricity resistance
}: 3/15 runes: decaying, silver, gossamer
a: Renounce Religion, Evoke Invisibility, Heroism, Finesse, Duel


You were on level 2 of the Crypt.
You worshipped Okawaru.
Okawaru was exalted by your worship.
You visited 9 branches of the dungeon, and saw 41 of its levels.
You visited 1 bazaar.
You also visited: Bailey, Gauntlet, Ice Cave and Wizlab.

You collected 9238 gold pieces.
You spent 2004 gold pieces at shops.

Inventory:

Hand Weapons
 c - the +6 broad axe "Umuynorr" {flame, rC+ Stlth+}
   (You acquired it on level 12 of the Dungeon)

   rC+:       It protects you from cold.
   Stlth+:    It makes you more stealthy.
 l - a +9 heavy broad axe (weapon)
Armour
 f - a +2 pair of gloves (worn)
 i - the +5 chain mail of Xeurhi {rN+ Will+ Int+3}
   (You found it on level 5 of the Vaults)

   Int+3:     It affects your intelligence (+3).
   rN+:       It protects you from negative energy.
   Will+:     It increases your willpower.
 m - a +3 chain mail of fire resistance (worn)
 t - a +2 hat (worn)
 y - the +4 Cigotuvi's embrace {Corpsefed rMiasma ^Drain rN+}
   (You found it in a wizard's laboratory)

   Corpsefed: It gathers nearby corpses to temporarily increase the armour it
   provides.
   rMiasma:   It protects you from foul pestilence.
   rN+:       It protects you from negative energy.
   ^Drain:    It drains your maximum health when unequipped.
 I - the +0 pair of boots "Finoorgh" (worn) {+Inv rN++ Dex-4 Stlth+}
   (Okawaru gifted it to you on level 11 of the Dungeon)

   Dex-4:     It affects your dexterity (-4).
   rN++:      It greatly protects you from negative energy.
   +Inv:      It lets you turn invisible.
   Stlth+:    It makes you more stealthy.
 L - +1 pearl dragon scales
 M - a +2 pair of boots of flying
 P - a +2 cloak of cold resistance (worn)
 Z - the +1 kite shield of a bazaar (worn) {rF+ rC+ Int+4 Dex+2}
   (You found it on level 3 of the Elven Halls)

   Int+4:     It affects your intelligence (+4).
   Dex+2:     It affects your dexterity (+2).
   rF+:       It protects you from fire.
   rC+:       It protects you from cold.
Jewellery
 g - a ring of poison resistance
 v - the ring "Fetziulu" (right hand) {rPois Will+ Int-2 Slay+4}
   (You bought it in a shop on level 2 of the Orcish Mines)

   [ring of slaying]

   Int-2:     It affects your intelligence (-2).
   Slay+4:    It affects your accuracy & damage with ranged weapons and melee
   (+4).
   rPois:     It protects you from poison.
   Will+:     It increases your willpower.
 N - a +4 ring of protection
 O - the ring "Xuolua" {rCorr SInv}
   (You found it in an ice cave)

   [ring of resist corrosion]

   SInv:      It lets you see invisible.
   rCorr:     It protects you from acid and corrosion.
 Q - the amulet of the Aged Thickets {Rampage rF+ RegenMP+ Str-3 Stlth+}
   (You took it off a minotaur in a Gauntlet)

   [amulet of magic regeneration]

   It increases your rate of magic regeneration.
   Str-3:     It affects your strength (-3).
   rF+:       It protects you from fire.
   Rampage:   It bestows one free step when moving towards enemies.
   Stlth+:    It makes you more stealthy.
   RegenMP+:  It increases your rate of magic regeneration.
 U - the amulet "Pyfrouri" (around neck) {Reflect rC+ rN+ SH+5}
   (You took it off a deep elf annihilator on level 3 of the Elven Halls)

   [amulet of reflection]

   Reflect:   It reflects blocked missile attacks.
   rC+:       It protects you from cold.
   rN+:       It protects you from negative energy.
   SH+5:      It affects your SH (+5).
 X - a +4 ring of slaying (left hand)
Wands
 d - a wand of acid (34)
 s - a wand of digging (28)
 V - a wand of warping (9)
Scrolls
 p - 21 scrolls of teleportation
 B - 6 scrolls of fear
 C - 3 scrolls of fog
 K - 4 scrolls of blinking
 R - a scroll of silence
 T - 4 scrolls of immolation
 Y - 3 scrolls of revelation
Potions
 a - 3 potions of cancellation
 b - 5 potions of resistance
 e - 4 potions of invisibility
 h - 6 potions of haste
 j - 16 potions of curing
 k - 10 potions of magic
 n - a potion of lignification
 o - 7 potions of attraction
 z - 3 potions of might
 A - 12 potions of ambrosia
 D - 16 potions of mutation
 E - 6 potions of enlightenment
 G - 2 potions of berserk rage
 S - 9 potions of heal wounds
Miscellaneous
 x - a lightning rod (4/4)
 J - a condenser vane


   Skills:
 + Level 22.7 Fighting
 + Level 22.6 Axes
 + Level 22.8 Armour
 + Level 20.8 Dodging
 + Level 22.6 Shields
 - Level 8.0 Invocations


You had 22 spell levels left.
You didn't know any spells.
Your spell library contained the following spells:

 Spells                   Type           Power      Damage    Failure   Level
 Apportation              Tloc           0%         N/A       63%         1
 Freeze                   Ice            0%         1d3       63%         1
 Magic Dart               Conj           0%         1d3       63%         1
 Necrotise                Necr           0%         1d4       63%         1
 Sting                    Conj/Alch      0%         1d3       63%         1
 Blink                    Tloc           0%         N/A       77%         2
 Ensorcelled Hibernation  Hex/Ice        0%         N/A       77%         2
 Jinxbite                 Hex            0%         N/A       77%         2
 Lesser Beckoning         Tloc           0%         N/A       77%         2
 Searing Ray              Conj           0%         2d4       77%         2
 Sublimation of Blood     Necr           0%         N/A       77%         2
 Frozen Ramparts          Ice            0%         1d1       94%         3
 Fugue of the Fallen      Necr           0%         N/A       94%         3
 Gell's Gravitas          Tloc           0%         N/A       94%         3
 Hailstorm                Conj/Ice       0%         3d5       94%         3
 Inner Flame              Hex/Fire       0%         N/A       94%         3
 Ozocubu's Armour         Ice            0%         N/A       94%         3
 Teleport Other           Tloc           0%         N/A       94%         3
 Vampiric Draining        Necr           0%         2d6       94%         3
 Anguish                  Hex/Necr       0%         N/A       100%        4
 Brom's Barrelling Bould  Conj/Erth      0%         2d3       100%        4
 Cause Fear               Hex            0%         N/A       100%        4
 Flame Wave               Conj/Fire      0%         2d4       100%        4
 Fulminant Prism          Conj/Alch      0%         3d5       100%        4
 Manifold Assault         Tloc           0%         N/A       100%        4
 Passage of Golubria      Tloc           0%         N/A       100%        4
 Sticky Flame             Fire/Alch      0%         2d4       100%        4
 Vhi's Electric Charge    Tloc/Air       0%         N/A       100%        4
 Alistair's Intoxication  Alch           0%         N/A       100%        5
 Arcjolt                  Conj/Air       0%         1d10      100%        5
 Borgnjor's Vile Clutch   Necr/Erth      0%         N/A       100%        5
 Curse of Agony           Necr           0%         N/A       100%        5
 Fireball                 Conj/Fire      0%         3d3       100%        5
 Freezing Cloud           Conj/Ice/Air   0%         6-21      100%        5
 Iskenderun's Battlesphe  Conj           0%         2d6       100%        5
 Lee's Rapid Deconstruct  Erth           0%         3d4*      100%        5
 Silence                  Hex/Air        0%         N/A       100%        5
 Conjure Ball Lightning   Conj/Air       0%         3x3d6     100%        6
 Eringya's Noxious Bog    Alch           0%         4d6       100%        6
 Plasma Beam              Fire/Air       0%         2x1d10    100%        6
 Orb of Destruction       Conj           0%         9d5       100%        7
 Discord                  Hex            0%         N/A       100%        8
 Disjunction              Tloc           0%         N/A       100%        8
 Lehudib's Crystal Spear  Conj/Erth      0%         10d2      100%        8
 Maxwell's Capacitive Co  Air            0%         ∞         100%        8
 Chain Lightning          Conj/Air       0%         N/A       100%        9
 Fire Storm               Conj/Fire      0%         5d1       100%        9
 Shatter                  Erth           0%         3d5*      100%        9
 Call Imp                 Summ           Unusable   N/A       N/A         2
 Animate Armour           Summ/Erth      Unusable   N/A       N/A         4
 Summon Lightning Spire   Summ/Air       Unusable   N/A       N/A         4
 Haunt                    Necr/Summ      Unusable   N/A       N/A         7
 Summon Hydra             Summ           Unusable   N/A       N/A         7
 Dragon's Call            Summ           Unusable   N/A       N/A         9

Dungeon Overview and Level Annotations

Branches:
Dungeon (15/15)            Temple (1/1) D:7            Lair (5/5) D:9
  Swamp (4/4) Lair:3       Spider (4/4) Lair:3        Slime (0/5) Lair:4
    Orc (2/2) D:12            Elf (3/3) Orc:2        Vaults (5/5) D:14
  Crypt (2/3) Vaults:3     Depths (0/4) D:15         Bailey (visited)
  IceCv (visited)          WizLab (visited)         Gauntlet (visited)

Altars:
Ashenzari
Cheibriados
Dithmenos
Elyvilon
Fedhas
Gozag
Hepliaklqana
Kikubaaqudgha
Makhleb
Nemelex Xobeh
Okawaru
Qazlal
Ru
Sif Muna
Trog
Uskayaw
Vehumet
Wu Jian
Xom
Yredelemnul
Zin
The Shining One
Jiyva

Shops:
D:2 [   D:11 [   D:14 ?   Orc:2 =:!(:   Vaults:2 [(

Portals:
Trove: D:13 (give 6 scrolls of fog)

Annotations:
Crypt:2 Grunn


Innate Abilities, Weirdness & Mutations

You have a pair of horns on your head.
You reflexively headbutt those who attack you in melee.
Your mind is acute. (Int +4, Str/Dex -1)
You are resistant to electric shocks. (rElec)


Message History

You barely miss Grunn. You headbutt Grunn!
Grunn is lightly damaged.
You slash something!
You hit the doom hound but do no damage.
You feel yourself speed up.
You block the doom hound's attack. x2; Grunn barely misses you.
Something hits you but does no damage. The doom hound bites you!!
* * * LOW HITPOINT WARNING * * *
The doom hound closely misses you.
The putrid mouth howls a warning cry!
Grunn snarls.
Grunn hits you with a +9 glaive of draining!!!
* * * LOW HITPOINT WARNING * * *
A vampire knight comes into view. It is wielding a +0 battleaxe.
Unknown command.
Okay, then.
You feel much better. You block the doom hound's attack.
The doom hound claws you but does no damage.
You block the doom hound's attack.
The doom hound claws you but does no damage.
You block Grunn's attack. Something hits you but does no damage.
Unknown command.
You feel much better. You block the putrid mouth's attack. x2
The doom hound bites you but does no damage.
You block the doom hound's attack.
An eidolon comes into view.
Grunn hits you with a +9 glaive of draining!!
* * * LOW HITPOINT WARNING * * *
The vampire knight gestures at you while chanting.
You suddenly lose the ability to move!
Something hits you.
* * * LOW HITPOINT WARNING * * *
A Tzitzimitl comes into view.
The doom hound bites you!
* * * LOW HITPOINT WARNING * * *
The doom hound claws you.
* * * LOW HITPOINT WARNING * * *
The putrid mouth bites you but does no damage.
The putrid mouth claws you but does no damage.
Grunn hits you with a +9 glaive of draining!
You die...

...#....# ...#....# #..#
..?#....# #..# ...'....#
#..# ...#....# #..#
...#....# #..######W
...#....# #.........
...#....# #1g....V..
...#....# #{@.......
####....#######Wh.......
........................
########################


You could see Grunn, a doom hound, a Tzitzimitl, a vampire knight, an eidolon
and a putrid mouth.

Vanquished Creatures
  A dread lich (Vaults:5)
  An ancient lich (Vaults:3)
  Sojobo (Vaults:4)
  the Lernaean hydra (Swamp:4)
  A golden dragon (Vaults:5)
  A mutant beast (WizLab)
  Arachne (Spider:2)
  Jory (Vaults:3)
  A doom hound (Crypt:2)
  3 tentacled monstrosities
  2 titans
  A quicksilver dragon (Vaults:5)
  6 deep elf blademasters
  2 ancient champions
  4 deep elf master archers (Elf:3)
  6 shadow dragons
  A thorn hunter (Swamp:3)
  2 sphinxes
  Agnes (Spider:4)
  Donald (Vaults:3)
  3 storm dragons
  3 revenants (Crypt:1)
  8 tengu reavers
  2 fire giants
  A fenstrider witch (Swamp:4)
  2 iron dragons (Vaults:5)
  6 deep elf sorcerers (Elf:3)
  21 vault wardens
  A caustic shrike zombie (Crypt:1)
  2 frost giants (Vaults:5)
  A ghost moth (Spider:4)
  5 emperor scorpions
  3 deep elf elementalists (Elf:3)
  An orc warlord (Vaults:2)
  6 ghouls
  2 formless jellyfish (Vaults:2)
  7 broodmothers
  20 ironbound preservers
  5 ironbound thunderhulks
  A caustic shrike skeleton (Crypt:1)
  7 very ugly things
  A deep elf demonologist (Elf:3)
  5 deep elf death magi
  6 eleionomae
  6 deep elf annihilators
  A minotaur (Gauntlet)
  5 bunyips
  13 dire elephants
  A war gargoyle (Vaults:5)
  A spark wasp (Spider:4)
  2 eidola (Crypt:1)
  Snorg (Lair:5)
  7 ettins
  3 jiangshi (Crypt:1)
  Josephine (D:12)
  A crystal guardian (Vaults:3)
  12 entropy weavers
  A rakshasa (D:15)
  2 shambling mangroves (Swamp:2)
  4 deep elf high priests
  7 great orbs of eyes
  11 yaktaur captains
  Fannar (Lair:3)
  Harold (Lair:2)
  The ghost of Revguard the Prestidigitator, a journeyman CoBe of Trog (D:13)
  A jorogumo (shapeshifter) (WizLab)
  2 catoblepae
  37 vault guards
  3 radroaches
  2 peacekeepers
  18 hydras
  2 ghost crabs
  7 centaur warriors
  8 ironbound frosthearts
  An ice dragon (Lair:5)
  3 two-headed ogres (shapeshifter) (WizLab)
  Erica (D:10)
  An anaconda (shapeshifter) (WizLab)
  4 alligators
  An ice dragon (shapeshifter) (WizLab)
  9 ogre magi
  5 boulder beetles
  A jorogumo (Spider:3)
  33 dancing weapons
  7 death yaks
  3 tengu warriors
  20 two-headed ogres
  2 death scarabs (Gauntlet)
  A deep troll earth mage (Vaults:5)
  3 vampire magi (Crypt:1)
  13 demonic crawlers
  A shock serpent (shapeshifter) (WizLab)
  13 deep elf knights
  2 soul eaters
  2 skysharks (Lair:3)
  A skyshark (shapeshifter) (Vaults:5)
  10 pharaoh ants
  A shadow wraith (Vaults:5)
  A spectral death yak (Gauntlet)
  A flayed ghost (Crypt:2)
  4 goliath frogs
  8 skeletal warriors
  7 large abominations (WizLab)
  5 spriggan druids
  4 glowing orange brains
  A spark wasp zombie (Crypt:1)
  A glowing orange brain (shapeshifter) (Vaults:5)
  2 sun moths (Spider:4)
  43 deep trolls
  A spriggan simulacrum (Crypt:1)
  11 orb spiders
  3 arcanists
  A spectral hydra (Gauntlet)
  15 swamp dragons
  3 deep trolls (shapeshifter) (WizLab)
  2 thermic dynamos (Elf:3)
  A swamp dragon (shapeshifter) (WizLab)
  20 bog bodies
  Pikel (D:7)
  8 harpies
  10 ironbound convokers
  16 lindwurms
  4 orc knights (Vaults:2)
  23 deep elf zephyrmancers
  A wolf spider (shapeshifter) (WizLab)
  10 deep elf archers
  6 phantasmal warriors
  10 steelbarb worms
  6 necromancers
  5 manticores
  24 ugly things
  26 deep elf pyromancers
  An orc sorcerer (Orc:2)
  15 wolf spiders
  A stone giant zombie (Vaults:4)
  4 will-o-the-wisps
  An oklob plant (Lair:4)
  2 moths of wrath
  7 cyclopes
  Maurice (D:7)
  8 spectral spriggans (Swamp:3)
  3 elephants (shapeshifter)
  A meliai (shapeshifter) (D:13)
  10 meliai
  2 moths of wrath (shapeshifter) (WizLab)
  3 elephants
  2 kobold blastminers (Orc:1)
  7 black mambas
  2 eyes of devastation (shapeshifter)
  5 gargoyles
  A water nymph (shapeshifter) (WizLab)
  An ice statue (IceCv)
  A guardian serpent (Elf:2)
  12 cane toads
  2 torpor snails (shapeshifter)
  A cane toad (shapeshifter) (D:15)
  Maggie (D:6)
  A dire elephant skeleton (Crypt:1)
  17 vault sentinels
  4 torpor snails
  2 unseen horrors (D:11)
  5 rime drakes
  An anaconda simulacrum (Crypt:1)
  10 komodo dragons
  2 ice devils (Orc:2)
  33 yaktaurs
  A troll (shapeshifter) (WizLab)
  A queen bee (D:12)
  8 trolls
  A bloated husk (Swamp:3)
  A merfolk (shapeshifter) (WizLab)
  15 hornets
  A wind drake (shapeshifter) (Vaults:5)
  8 tyrant leeches
  Prince Ribbit (Bailey)
  18 polar bears
  A tarantella (shapeshifter) (Elf:2)
  A dream sheep (shapeshifter) (WizLab)
  32 tarantellas
  2 snapping turtles (shapeshifter) (WizLab)
  4 glass eyes (WizLab)
  13 blink frogs
  A boulder beetle zombie (Crypt:1)
  3 dream sheep (Lair:5)
  2 raiju (D:7)
  A raiju (shapeshifter) (Vaults:5)
  46 slime creatures
  21 culicivoras
  32 jumping spiders
  A spriggan (shapeshifter) (WizLab)
  2 vampires
  7 wraiths (D:12)
  73 yaks
  8 spriggans
  2 shadows
  3 air elementals (Elf:2)
  A human (shapeshifter) (Elf:2)
  A water elemental (Elf:1)
  5 wyverns
  27 humans
  A basilisk (shapeshifter) (WizLab)
  3 fire elementals
  2 wargs (Orc:1)
  5 steam dragons
  7 basilisks
  84 redbacks
  An iron golem (WizLab)
  14 swamp worms
  7 vampire mosquitoes
  8 water moccasins
  5 acid dragons
  A glowing shapeshifter skeleton (Crypt:1)
  Duvessa (D:7)
  8 swamp drakes
  A naga skeleton (Crypt:1)
  A sky beast (D:6)
  A black bear (shapeshifter) (WizLab)
  11 orc warriors
  7 laughing skulls
  5 black bears
  33 ogres
  A manticore skeleton (Crypt:2)
  3 boggarts
  32 wolves
  13 centaurs
  A phantom (D:7)
  4 lemures (D:7)
  3 kobold brigands
  15 bullfrogs
  6 small abominations (WizLab)
  5 gnoll sergeants
  5 scorpions
  A human skeleton (Vaults:4)
  2 earth elementals (Elf:3)
  A hornet simulacrum (D:15)
  A water moccasin skeleton (Crypt:2)
  4 wights (D:7)
  A troll zombie (Crypt:1)
  Dowan (D:7)
  31 killer bees
  9 howler monkeys
  6 electric eels (D:7)
  2 lava snakes (D:8)
  5 jellies
  6 orc priests
  11 hounds
  Jessica (D:2)
  5 iguanas
  Ijyb (D:5)
  3 gnoll boudas (D:9)
  3 sleepcaps
  14 orc wizards
  An acid dragon skeleton (Crypt:1)
  A howler monkey zombie (Crypt:1)
  5 adders
  20 gnolls
  A steam dragon skeleton (Crypt:1)
  4 shadow imps
  A white imp (D:8)
  2 ufetubi (D:6)
  3 ribbon worms
  A dart slug (D:5)
  51 orcs
  8 ball pythons
  6 bats
  10 endoplasms
  4 giant cockroaches
  14 goblins
  14 hobgoblins
  8 jackals
  4 quokkas
  7 frilled lizards
  25 kobolds
  2 kobold zombies (D:4)
  20 rats
1868 creatures vanquished.

Vanquished Creatures (others)
  A ghost moth (Spider:4)
  Nessos (D:12)
  A deep elf annihilator (Elf:3)
  A rakshasa (D:15)
  An occultist (D:15)
  A deep elf knight (Elf:1)
  A deep elf zephyrmancer (Elf:1)
  A bloated husk (Swamp:3)
  2 boggarts (D:14)
  12 foxfires
22 creatures vanquished.

Grand Total: 1890 creatures vanquished

Notes
Turn   | Place    | Note
-------+----------+-------------------------------------------
     0 | D:1      | vknvnfl the Minotaur Fighter began the quest for the Orb.
     0 | D:1      | Reached XP level 1. HP: 19/19 MP: 0/0
    51 | D:1      | Reached XP level 2. HP: 23/27 MP: 1/1
   233 | D:1      | Reached skill level 1 in Dodging
   371 | D:1      | Reached XP level 3. HP: 33/33 MP: 2/2
   591 | D:2      | Found Getagu's Antique Armour Shoppe.
   611 | D:2      | Noticed Jessica
   618 | D:2      | Killed Jessica
   619 | D:2      | Reached XP level 4. HP: 20/40 MP: 3/3
  1062 | D:3      | Noticed a centaur
  1305 | D:3      | Killed a centaur
  1306 | D:3      | Reached XP level 5. HP: 39/47 MP: 4/4
  2121 | D:4      | Noticed a black bear
  2131 | D:4      | Killed a black bear
  2132 | D:4      | Reached skill level 5 in Fighting
  2132 | D:4      | Reached skill level 5 in Shields
  2132 | D:4      | Reached XP level 6. HP: 30/56 MP: 5/5
  2261 | D:4      | Found a sacrificial altar of Ru.
  2269 | D:4      | Found a snail-covered altar of Cheibriados.
  2329 | D:4      | Found a runed translucent door.
  2329 | D:4      | Noticed a human
  2330 | D:4      | Found a basalt altar of Yredelemnul.
  2371 | D:4      | Killed a human
  2454 | D:4      | Reached skill level 5 in Armour
  2651 | D:4      | Found a shimmering altar of Xom.
  2843 | D:2      | Bought a scorched chain mail for 180 gold pieces
  2843 | D:2      | Identified the +4 chain mail "Rimpojiq" {Str+2 Dex+3} (You
                  | bought it in a shop on level 2 of the Dungeon)
  2932 | D:5      | Entered Level 5 of the Dungeon
  2954 | D:5      | Noticed Ijyb
  2969 | D:5      | Killed Ijyb
  3091 | D:5      | Noticed a water moccasin
  3101 | D:5      | Killed a water moccasin
  3102 | D:5      | Reached XP level 7. HP: 34/61 MP: 6/6
  3609 | D:5      | Reached skill level 5 in Axes
  3881 | D:5      | Found an iron altar of Okawaru.
  3900 | D:5      | Became a worshipper of Warmaster Okawaru
  4254 | D:6      | Reached XP level 8. HP: 70/70 MP: 7/7
  4300 | D:6      | Noticed Maggie
  4301 | D:6      | Reached * piety under Okawaru
  4314 | D:6      | Killed Maggie
  4315 | D:6      | Reached skill level 5 in Dodging
  4485 | D:6      | Identified the +6 buckler of an ice cave {Will+ Slay+2}
  4635 | D:6      | Reached ** piety under Okawaru
  4829 | D:7      | Noticed Duvessa
  4830 | D:7      | Noticed Dowan
  4836 | D:7      | Killed Dowan
  4839 | D:7      | Killed Duvessa
  4840 | D:7      | Reached XP level 9. HP: 68/79 MP: 8/8
  4883 | D:7      | Found a staircase to the Ecumenical Temple.
  4891 | Temple   | Entered the Ecumenical Temple
  4976 | D:7      | Noticed Pikel
  4980 | D:7      | Killed Pikel
  4997 | D:7      | Reached *** piety under Okawaru
  5041 | D:7      | Noticed Maurice
  5056 | D:7      | Something stole a +0 broad axe
  5058 | D:7      | Killed Maurice
  5502 | D:7      | Reached XP level 10. HP: 90/90 MP: 9/9
  5619 | D:7      | Reached **** piety under Okawaru
  6909 | D:9      | Reached ***** piety under Okawaru
  6977 | D:9      | Found a flagged portal.
  7035 | Bailey   | Entered a bailey
  7232 | Bailey   | Noticed a vault guard
  7232 | Bailey   | Noticed Prince Ribbit
  7241 | Bailey   | Killed a vault guard
  7241 | Bailey   | Received a gift from Okawaru
  7242 | Bailey   | Reached skill level 10 in Fighting
  7242 | Bailey   | Reached XP level 11. HP: 75/99 MP: 10/10
  7246 | Bailey   | Killed Prince Ribbit
  7247 | Bailey   | Reached skill level 10 in Shields
  7329 | Bailey   | Noticed a vault guard
  7341 | Bailey   | Killed a vault guard
  7342 | Bailey   | Reached skill level 10 in Armour
  7561 | D:9      | Found a staircase to the Lair.
  7582 | D:9      | Reached skill level 10 in Axes
  7874 | D:10     | Entered Level 10 of the Dungeon
  7903 | D:10     | Noticed Erica
  7917 | D:10     | Killed Erica
  8069 | D:10     | Found a viscous altar of Jiyva.
  8101 | D:10     | Identified the +0 chain mail of the Sharp Jabberwock
                  | {^Drain Will+ Slay+3}
  8196 | D:10     | Received a gift from Okawaru
  8230 | D:10     | Noticed a tengu warrior
  8243 | D:10     | Killed a tengu warrior
  8444 | D:10     | Identified the +5 morningstar of Doepav {distort, rC- rCorr
                  | Str+4}
  8539 | D:10     | Found a sparkling altar of Nemelex Xobeh.
  8820 | D:10     | Identified the +0 leather armour "Diqae" {rElec rC++ MP-9
                  | Dex+2}
  9186 | D:11     | Found Ihagiti's Antique Armour Boutique.
  9198 | D:11     | Bought a pair of glowing boots for 165 gold pieces
  9308 | D:11     | Noticed a two-headed ogre
  9313 | D:11     | Killed a two-headed ogre
  9313 | D:11     | Received a gift from Okawaru
  9319 | D:11     | Reached XP level 12. HP: 110/110 MP: 11/11
  9578 | D:11     | Noticed a two-headed ogre
  9584 | D:11     | Noticed a tengu warrior
  9600 | D:11     | Killed a tengu warrior
  9679 | D:11     | Reached skill level 10 in Dodging
  9794 | D:11     | Killed a two-headed ogre
  9797 | D:11     | Reached ****** piety under Okawaru
  9801 | D:11     | Received a gift from Okawaru
  9809 | D:11     | Identified the +1 lajatang of the Bouncing Ears {protect,
                  | rCorr Dex+5}
  9813 | D:11     | Acquired a +1 heavy broad axe
  9813 | D:11     | Received a gift from Okawaru
  9815 | D:11     | Acquired the +0 pair of boots "Finoorgh" {+Inv rN++ Dex-4
                  | Stlth+}
  9815 | D:11     | Received a gift from Okawaru
  9920 | D:11     | Noticed a boulder beetle
  9925 | D:11     | Killed a boulder beetle
 10642 | D:12     | Noticed Nessos
 10646 | D:12     | Killed Nessos
 10666 | D:12     | Found a gate leading to a gauntlet.
 10678 | Gauntlet | Entered a Gauntlet
 10678 | Gauntlet | Found a transporter.
 10678 | Gauntlet | Found a transporter.
 10829 | Gauntlet | Found a transporter.
 10846 | Gauntlet | Found a transporter.
 10860 | Gauntlet | Found a transporter.
 10860 | Gauntlet | Found a transporter.
 10860 | Gauntlet | Found a transporter.
 10863 | Gauntlet | Found a transporter.
 10863 | Gauntlet | Found a transporter.
 10864 | Gauntlet | Noticed a death scarab
 10876 | Gauntlet | Found a runed translucent door.
 10879 | Gauntlet | Found a transporter.
 10893 | Gauntlet | Noticed a death scarab
 10896 | Gauntlet | Found a transporter.
 10906 | Gauntlet | Found a transporter.
 10921 | Gauntlet | Found a transporter.
 10941 | Gauntlet | Found a transporter.
 10941 | Gauntlet | Noticed a great orb of eyes
 11042 | Gauntlet | Received a gift from Okawaru
 11045 | Gauntlet | Killed a great orb of eyes
 11064 | Gauntlet | Killed a death scarab
 11067 | Gauntlet | Reached XP level 13. HP: 86/115 MP: 12/12
 11161 | Gauntlet | Identified the amulet of the Camelopard {Acrobat Rampage
                  | rN+ Will+}
 11177 | Gauntlet | Identified the staff "Miramitemn" {rF++ rC+ Int-5 Dex+4
                  | Ice}
 11177 | Gauntlet | Identified the amulet of the Aged Thickets {Rampage rF+
                  | RegenMP+ Str-3 Stlth+}
 11177 | Gauntlet | Noticed a minotaur
 11195 | Gauntlet | Killed a minotaur
 11422 | D:12     | Identified a scroll of acquirement
 11424 | D:12     | Acquired the +6 broad axe "Umuynorr" {flame, rC+ Stlth+}
 11537 | D:12     | Noticed Josephine
 11549 | D:12     | Killed Josephine
 11747 | D:12     | Received a gift from Okawaru
 11949 | D:12     | Found a staircase to the Orcish Mines.
 12212 | D:13     | Found a portal to a secret trove of treasure.
 12273 | D:13     | Found a runed translucent gate.
 12273 | D:13     | Found a runed translucent gate.
 12274 | D:13     | Found a runed translucent gate.
 12275 | D:13     | Noticed Revguard's ghost (journeyman CoBe)
 12298 | D:13     | Killed Revguard's ghost
 12520 | D:13     | Gained mutation: Your mind is acute. (Int +4, Str/Dex -1)
                  | [potion of mutation]
 12520 | D:13     | Gained mutation: You are resistant to electric shocks.
                  | (rElec) [potion of mutation]
 12710 | D:14     | Received a gift from Okawaru
 12763 | D:14     | Found a gate to the Vaults.
 12781 | D:14     | Received a gift from Okawaru
 13042 | D:14     | Identified the +0 plate armour of Inquiry {MP-9 Str+5
                  | Stlth-}
 13048 | D:14     | Reached XP level 14. HP: 104/130 MP: 13/13
 13505 | D:14     | Found Xixkyrra's Magic Scroll Shoppe.
 13510 | D:14     | Bought a scroll of revelation for 90 gold pieces
 13510 | D:14     | Bought a scroll of immolation for 48 gold pieces
 13510 | D:14     | Bought a scroll of immolation for 48 gold pieces
 13510 | D:14     | Bought a scroll of identify for 24 gold pieces
 13510 | D:14     | Bought a scroll of identify for 24 gold pieces
 13942 | Lair:1   | Entered Level 1 of the Lair of Beasts
 14164 | Lair:1   | Received a gift from Okawaru
 14951 | Lair:2   | Noticed Harold
 14965 | Lair:2   | Killed Harold
 15260 | Lair:3   | Received a gift from Okawaru
 15492 | Lair:3   | Identified the orb of the Sun {mayhem, rElec Will+}
 15635 | Lair:3   | Found a hole to the Spider Nest.
 15642 | Lair:3   | Noticed Fannar
 15657 | Lair:3   | Killed Fannar
 15749 | Lair:3   | Identified the +1 robe of Repulsion {MP+9}
 15897 | Lair:3   | Found a staircase to the Swamp.
 15983 | Lair:3   | Received a gift from Okawaru
 16230 | Lair:4   | Found a viscous altar of Jiyva.
 16232 | Lair:4   | Found a staircase to the Slime Pits.
 16678 | Lair:4   | Identified the +3 scale mail of Uchenn {rN++ Will- Str+3
                  | Dex+2}
 17048 | Lair:5   | Entered Level 5 of the Lair of Beasts
 17287 | Lair:5   | Reached XP level 15. HP: 133/139 MP: 14/14
 17522 | Lair:5   | Noticed Snorg
 17528 | Lair:5   | Killed Snorg
 17531 | Lair:5   | Received a gift from Okawaru
 17609 | Lair:5   | Reached skill level 15 in Fighting
 17613 | Lair:5   | Identified the +0 leather armour "Xeumia Pawko" {Harm}
 17635 | Lair:5   | Reached skill level 15 in Armour
 17637 | Lair:5   | Reached skill level 15 in Shields
 17752 | Lair:5   | Reached skill level 15 in Axes
 17816 | Lair:5   | Identified the +6 spear of Awkwardness {venom, rN++ Str+3}
 18035 | Lair:5   | Received a gift from Okawaru
 18860 | Orc:1    | Entered Level 1 of the Orcish Mines
 18935 | Orc:2    | Entered Level 2 of the Orcish Mines
 18935 | Orc:2    | Found a staircase to the Elven Halls.
 19016 | Orc:2    | Found Foma's Book Shop.
 19016 | Orc:2    | Found Temp's Antique Weapon Shoppe.
 19016 | Orc:2    | Found Inoguo's Jewellery Emporium.
 19016 | Orc:2    | Found Cearahes's Distillery.
 19048 | Orc:2    | Found a transporter.
 19048 | Orc:2    | Found Siduotu's Book Emporium.
 19052 | Orc:2    | Found a transporter.
 19100 | Orc:2    | Found a frozen archway.
 19119 | IceCv    | Entered an ice cave
 19420 | IceCv    | Received a gift from Okawaru
 19692 | IceCv    | Reached skill level 1 in Invocations
 19707 | IceCv    | Identified the ring "Xuolua" {rCorr SInv}
 19985 | Orc:2    | Received a gift from Okawaru
 20108 | Orc:2    | Reached XP level 16. HP: 142/151 MP: 16/16
 20153 | Orc:2    | Bought a potion of curing for 39 gold pieces
 20153 | Orc:2    | Bought 2 potions of curing for 78 gold pieces
 20153 | Orc:2    | Bought a potion of curing for 39 gold pieces
 20153 | Orc:2    | Bought a potion of enlightenment for 65 gold pieces
 20153 | Orc:2    | Bought a potion of invisibility for 104 gold pieces
 20153 | Orc:2    | Bought a potion of invisibility for 104 gold pieces
 20154 | Orc:2    | Bought the ring "Fetziulu" {rPois Will+ Int-2 Slay+4} for
                  | 996 gold pieces
 20485 | Orc:1    | Received a gift from Okawaru
 21235 | D:15     | Entered Level 15 of the Dungeon
 22507 | D:15     | Found a staircase to the Depths.
 22555 | D:15     | Upgraded the game from 0.32-a0-585-gef4fe23122 to
                  | 0.32-a0-599-gba8f9cf90e
 22738 | Spider:1 | Entered Level 1 of the Spider Nest
 22752 | Lair:3   | Received a gift from Okawaru
 23640 | Spider:1 | Reached skill level 15 in Dodging
 23943 | Spider:1 | Reached skill level 5 in Invocations
 23943 | Spider:1 | Received a gift from Okawaru
 24409 | Spider:2 | Reached XP level 17. HP: 109/160 MP: 20/20
 24411 | Spider:2 | Noticed Arachne
 24559 | Spider:2 | Killed Arachne
 25350 | Spider:3 | Received a gift from Okawaru
 25519 | Spider:3 | Identified the +3 chain mail of Broken Taboos {Str+3}
 26425 | Swamp:1  | Entered Level 1 of the Swamp
 26481 | Swamp:1  | Received a gift from Okawaru
 27194 | Swamp:1  | Found a basalt altar of Yredelemnul.
 27659 | Swamp:2  | Received a gift from Okawaru
 28524 | Swamp:3  | Reached XP level 18. HP: 171/171 MP: 22/22
 28605 | Swamp:3  | Received a gift from Okawaru
 29097 | Swamp:4  | Entered Level 4 of the Swamp
 29251 | Swamp:4  | Noticed the 27-headed Lernaean hydra
 29596 | Swamp:4  | Killed the 17-headed Lernaean hydra
 29769 | Swamp:4  | Received a gift from Okawaru
 30244 | Swamp:4  | Got a decaying rune of Zot
 30652 | Spider:4 | Entered Level 4 of the Spider Nest
 31269 | Spider:4 | Received a gift from Okawaru
 31455 | Spider:4 | Noticed Agnes
 31467 | Spider:4 | Killed Agnes
 31813 | Spider:4 | Received a gift from Okawaru
 31964 | Spider:4 | Got a gossamer rune of Zot
 32642 | Vaults:1 | Entered Level 1 of the Vaults
 32645 | Vaults:1 | Reached XP level 19. HP: 122/181 MP: 24/24
 33454 | Vaults:1 | Received a gift from Okawaru
 34393 | Vaults:2 | Received a gift from Okawaru
 34715 | Vaults:2 | Identified the +8 battleaxe of Pesuerph {elec, *Noise
                  | +Blink Str+3 Int+3}
 34929 | Vaults:2 | Found Rofeboz's Armour Shop.
 35446 | Vaults:2 | Found Wappar's Antique Weapon Emporium.
 35459 | Vaults:2 | Received a gift from Okawaru
 36190 | Vaults:3 | Received a gift from Okawaru
 36194 | Vaults:3 | Reached XP level 20. HP: 185/193 MP: 25/25
 36288 | Vaults:3 | Found a flickering gateway to a bazaar.
 36303 | Bazaar   | Entered a bazaar
 36367 | Bazaar   | Found Area's Antique Armour Emporium.
 36371 | Bazaar   | Found Zuyst's Armour Emporium.
 36381 | Bazaar   | Found Etinaekh's Armour Shop.
 36387 | Bazaar   | Found Isicoll's Armour Shop.
 36471 | Vaults:3 | Found a magical portal.
 36480 | WizLab   | Entered Cigotuvi's Fleshworks
 37051 | WizLab   | Received a gift from Okawaru
 37175 | WizLab   | Found the +4 Cigotuvi's embrace {Corpsefed rMiasma ^Drain
                  | rN+}
 37241 | WizLab   | Got Cigotuvi's Parchment of the Imbrued Mortar
 37245 | WizLab   | Identified the serpent talisman of Cocytus {Fly rC+ Dex+2}
 37247 | WizLab   | Identified the maw talisman "Paishos" {*Corrode Will+
                  | Dex+3}
 37673 | Vaults:3 | Noticed an ancient lich
 37687 | Vaults:3 | Killed an ancient lich
 38112 | Vaults:3 | Received a gift from Okawaru
 38153 | Vaults:3 | Noticed Donald
 38161 | Vaults:3 | Killed Donald
 38267 | Vaults:3 | Noticed Jory
 38274 | Vaults:3 | Killed Jory
 38463 | Vaults:3 | Found a staircase to the Crypt.
 38463 | Vaults:3 | Found a basalt altar of Yredelemnul.
 38464 | Vaults:3 | Found an ancient bone altar of Kikubaaqudgha.
 38627 | Vaults:3 | You are sucked into a shaft and drop 1 floor!
 38893 | Vaults:4 | Received a gift from Okawaru
 39035 | Vaults:4 | Noticed Sojobo
 39044 | Vaults:4 | Killed Sojobo
 39496 | Vaults:4 | Reached XP level 21. HP: 202/202 MP: 26/26
 39741 | Vaults:4 | Received a gift from Okawaru
 40225 | Elf:1    | Entered Level 1 of the Elven Halls
 40421 | Elf:1    | Identified the +5 leather armour of the Carpenter {Harm
                  | rElec rN+ Str+2}
 41490 | Elf:2    | Paralysed by an air elemental for 1 turns
 41588 | Elf:2    | Identified the +9 falchion "Xidux" {flame, Will- Str+5}
 41693 | Elf:2    | Paralysed by an air elemental for 1 turns
 41698 | Elf:2    | Paralysed by an air elemental for 1 turns
 41822 | Elf:2    | Identified the +0 leather armour "Kiasudgh" {SInv}
 41826 | Elf:2    | Received a gift from Okawaru
 42053 | Elf:2    | Found a runed translucent gate.
 42053 | Elf:2    | Found a runed translucent gate.
 42054 | Elf:2    | Found a runed translucent gate.
 42548 | Elf:2    | Received a gift from Okawaru
 42682 | Elf:3    | Entered Level 3 of the Elven Halls
 43045 | Elf:3    | Received a gift from Okawaru
 43927 | Elf:3    | Identified the amulet of Makhleb, Hurling {Reflect Str+2
                  | Int+2 SH+5}
 43927 | Elf:3    | Identified the amulet "Pyfrouri" {Reflect rC+ rN+ SH+5}
 43946 | Elf:3    | Reached XP level 22. HP: 97/214 MP: 27/27
 44208 | Elf:3    | Identified the +4 spear "Juymn" {protect, rF+}
 44245 | Elf:3    | Identified the +2 leather armour "Nerae" {rN+ Dex+2}
 44370 | Elf:3    | Identified the staff of Resourcefulness {rF+ Str+2 Fire}
 44371 | Elf:3    | Identified the +4 hand axe of Linearity {freeze, rPois
                  | Str+3 Dex-4}
 44374 | Elf:3    | Identified the staff of Division {rElec Int-3 SInv Air
                  | Alchemy}
 44375 | Elf:3    | Identified the +1 broad axe "Uffau" {venom, rElec rPois
                  | rF++ Will-}
 44380 | Elf:3    | Got the Anthology of the Birds and Toxicology
 44421 | Elf:3    | Acquired 1092 gold pieces
 44468 | Elf:3    | Identified the +1 kite shield of a bazaar {rF+ rC+ Int+4
                  | Dex+2}
 44860 | Vaults:5 | Entered Level 5 of the Vaults
 44870 | Vaults:4 | Received a gift from Okawaru
 45386 | Vaults:4 | Received a gift from Okawaru
 46160 | Vaults:5 | Received a gift from Okawaru
 46165 | Vaults:5 | Identified the ring "Nuqosiuvene" {MP+9 Dex+5}
 46453 | Vaults:5 | Noticed a golden dragon
 46469 | Vaults:5 | Killed a golden dragon
 46827 | Vaults:5 | Identified the staff "Mimnimub" {rF+ Int+3 Dex+4 Fire}
 46966 | Vaults:5 | Received a gift from Okawaru
 47114 | Vaults:5 | Identified the +2 shortbow of Nudoqeuv {drain, Int+4}
 47115 | Vaults:5 | Identified the +0 helmet of a ziggurat {rN+ Stlth+}
 47147 | Vaults:5 | Found the sphere of Battle
 47160 | Vaults:5 | Identified the +5 chain mail of Xeurhi {rN+ Will+ Int+3}
 47239 | Vaults:5 | Noticed a dread lich
 47243 | Vaults:5 | Killed a dread lich
 47253 | Vaults:5 | Identified the +1 scale mail of Grace {rF+ MP+9 Int+3}
 47357 | Vaults:5 | Identified the staff "Evuovib" {*Slow rElec MP+9 Conj}
 47556 | Vaults:5 | Got a silver rune of Zot
 47695 | Crypt:1  | Entered Level 1 of the Crypt
 48029 | Crypt:1  | Reached XP level 23. HP: 224/224 MP: 28/28
 48139 | Crypt:1  | Received a gift from Okawaru
 48889 | Crypt:2  | Noticed Grunn
 48900 | Crypt:2  | Paralysed by a vampire knight for 3 turns
 48901 | Crypt:2  | Slain by Grunn

Illustrated notes

Levels and vault maps discovered:
D:1:      minmay_arrival_solitary_statue, layout_basic
D:2:      layout_rooms, serial_shops, nicolae_shop_tiny_real_fake_doors,
          serial_rivers, chequers_serial_rivers_marsh,
          chequers_serial_rivers_micro_e, chequers_serial_rivers_large_a,
          chequers_serial_rivers_marsh, corexii_corridor_pit, minmay_rat_hole,
          uniq_jessica
D:3:      layout_rooms, minmay_fractal_squares_gapless_5
D:4:      layout_basic, dk_yredelemnul_ordeal, jmf_multi_god_temple2,
          lemuel_tele_altar, minmay_misc_feat_ornament,
          nicolae_twisty_statue_hallways
D:5:      layout_loops_corners, okawaru_altar_gauntlet_db, uniq_ijyb
D:6:      layout_basic, uniq_maggie
D:7:      layout_loops_ring, minmay_temple_entry_ruins,
          nicolae_have_a_lightning_rod, uniq_duvessa, uniq_maurice, uniq_pikel
D:8:      layout_basic, kennysheep_boxes
D:9:      layout_cave_pools, david_lair_generic, serial_gnoll_camp,
          gnoll_camp_mini_basic, gnoll_camp_mini_hut, gnoll_camp_medium_02,
          gnoll_camp_mini_house, gnoll_camp_mini_sergeant, special_room
          [special_room_orc], enter_bailey_8
D:10:     layout_stronghold, mainiacjoe_overflow_boulevard, jiyva_altar_1,
          uniq_erica
D:11:     kennysheep_windowed_halls, layout_small_grid, serial_shops, shop
D:12:     layout_loops_ring, orc_0_dummy, special_room [special_room_bee],
          gauntlet_entry_generic, solitary_fountain, uniq_josephine, uniq_nessos
D:13:     layout_rooms, ebering_ghost_rock_garden, nicolae_trove_entry_crystal
D:14:     layout_loops_ring, grunt_vaults_entry_tiered, grunt_decor_arrowhead,
          serial_shops, nicolae_shop_hallway_plus
D:15:     grunt_enter_depths_magical_seal, layout_stronghold, drop_trap
Temple:   eino_temple_rhombus
Lair:1:   layout_big_grid, chequers_serial_rivers_micro_b, lemuel_fruit_tree
Lair:2:   layout_regular_city, serial_bayou_crossing, uniq_harold
Lair:3:   layout_big_grid, skrybe_swamp_entry_bodies,
          nicolae_spider_entry_lesser_pyramids, guppyfry_lair_drakes,
          uniq_fannar
Lair:4:   layout_regular_city, minmay_slime_entry_oklob_enclosed
Lair:5:   guppyfry_lair_end_dragon, layout_regular_city,
          hangedman_lair_in_review, uniq_snorg
Swamp:1:  nicolae_swamp_ascending_descending, layout_basic_swamp,
          hangedman_swamp_blocks, swamp_pool_1_2, grunt_ruined_hall
Swamp:2:  layout_basic_swamp, evilmike_swamp_ruin_house_2, swamp_pool_1_2,
          infiniplex_staircase_pool
Swamp:3:  nicolae_swamp_flooded_prison, layout_basic_swamp,
          evilmike_swamp_ruin_house_3
Swamp:4:  swamp_old_school, layout_basic_swamp
Spider:1: nicolae_spider_corner, drop_trap
Spider:2: layout_spider_delve, uniq_arachne
Spider:3: layout_cave_pods
Spider:4: hellmonk_spider_rune_endless_swarm, nicolae_spider_baby_got_redback,
          uniq_agnes
Orc:1:    layout_diamond_mine, statue_in_the_mist_lemuel
Orc:2:    st_orc_ogre_mass, layout_caves, portal_ice_cave_demonic_guard,
          serial_shops, nicolae_shop_drivethru, mines4_lemuel
Elf:1:    eino_elf_arrival_customs, layout_onion_city,
          kennysheep_underground_church, eino_tiny_chamber
Elf:2:    elven_hall_of_blades_hangedman_original
          [nicolae_blade_entry_area_security], layout_geoelf_diagonals,
          minmay_misc_feat_five, fake_guardian_serpent_vault
Elf:3:    minmay_elf_hall, layout_geoelf_grid
Vaults:1: nicolae_vaults_diamond_1, nicolae_vaults_tangram_2,
          vaults_standard_mumra_x, nicolae_vaults_little_squares_2,
          vaults_room_grunt_arrival_checkpoint, vaults_room_semicircle,
          nicolae_vaults_surprise_closet_hard, v_misc_29, layout_vaults_omnigrid
Vaults:2: hangedman_vaults_corner, v_rooms_1, vaults_dpeg_cross, st_hourglassy,
          hangedman_vaults_maws, nicolae_vaults_six-pack, v_misc_16,
          nicolae_vaults_turnstiles, nicolae_vaults_little_squares_6,
          hangedman_vaults_trim, layout_vaults_ring, serial_shops,
          nicolae_shop_dealshenge, shop
Vaults:3: mu_enter_wizlab_6, nicolae_vaults_meiosis,
          nicolae_vaults_double_plus_3, v_misc_16, ontoclasm_vaults_twist,
          minmay_crypt_entry_necro_gods, v_rooms_4,
          nicolae_vaults_three_branches, vaults_room_fours,
          nicolae_vaults_tetromino_L_1, v_misc_26,
          nicolae_vaults_antechamber_and_loot_room, layout_vaults_big_cross,
          serial_shops, bzr_entry_customers, uniq_jory, uniq_mara, uniq_donald
Vaults:4: nicolae_vaults_trapezoid_lopsided_3, nicolae_vaults_big_angled_halls,
          v_misc_18, ontoclasm_vaults_shuriken, nicolae_vaults_spaceships,
          nicolae_vaults_six-pack, v_rooms_6, vaults_room_ringed_pool,
          nicolae_vaults_inception_statues,
          nicolae_vaults_shipping_containers_5, nicolae_vaults_diamond_2,
          nicolae_vaults_windows_and_doors_thing, nicolae_vaults_double_plus_2,
          vaults_dpeg_diagonal, nicolae_vaults_surprise_closet,
          layout_vaults_omnibox, uniq_sojobo
Vaults:5
Crypt:1:  layout_gridlike, minmay_misc_feat_columns
Crypt:2:  layout_chaotic_city, uniq_grunn

Skill      XL: |  1  2  3  4  5  6  7  8  9 10 11 12 13 14 15 16 17 18 19 20 21 22 |
---------------+-------------------------------------------------------------------+-----
Dodging        | 1 2 3 4 5 6 8 9 10 12 13 14 15 16 17 18 19 20 | 20.8
Armour         | 4 5 6 7 8 9 11 12 13 14 15 16 17 18 19 20 21 22 | 22.8
Shields        | 4 5 6 7 8 9 11 12 13 14 15 16 17 18 19 20 21 22 | 22.6
Fighting       | 4 5 6 7 8 10 11 12 13 14 15 16 17 18 19 20 21 22 | 22.7
Axes           | 3 4 5 6 8 9 10 12 13 14 15 16 17 18 19 20 21 22 | 22.6
Invocations    | 2 5 7 8 |  8.0

Action                     |  1- 3 |  4- 6 |  7- 9 | 10-12 | 13-15 | 16-18 | 19-21 | 22-24 || total
---------------------------+-------+-------+-------+-------+-------+-------+-------+-------++-------
  Melee: War axe           |    65 |   134 |   149 |   383 |    19 |       |       |       ||   750
         Headbutt          |     4 |    27 |    25 |    64 |   212 |   233 |   227 |   102 ||   894
         Broad axe         |       |       |       |       |   888 |  1002 |   903 |   356 ||  3149
 Invoke: Receive Weapon    |       |       |       |     1 |       |       |       |       ||     1
         Receive Armour    |       |       |       |     1 |       |       |       |       ||     1
         Heroism           |       |       |       |       |     1 |     3 |     6 |     3 ||    13
  Evoke: Wand              |       |       |     5 |     7 |       |     2 |     6 |     2 ||    22
         Lightning rod     |       |       |       |       |       |       |     1 |       ||     1
         Condenser vane    |       |       |       |       |       |       |     1 |       ||     1
    Use: Scroll            |     2 |     5 |     7 |     9 |    17 |     8 |     7 |     3 ||    58
         Potion            |       |     1 |     2 |       |     6 |     4 |     2 |     6 ||    21
   Stab: Distracted        |       |       |       |       |     1 |       |       |       ||     1
         Invisible         |       |       |       |       |       |       |       |     1 ||     1
 Armour: Scale mail        |    41 |    84 |       |       |       |       |       |       ||   125
         Chain mail        |       |    10 |   150 |   316 |   451 |   991 |   636 |   344 ||  2898
  Dodge: Dodged            |    36 |    68 |    83 |   179 |   317 |   682 |   378 |   159 ||  1902
  Block: Buckler           |    21 |    41 |    71 |   373 |   824 |   918 |   798 |     8 ||  3054
         Reflection        |       |       |       |    16 |    17 |    35 |    63 |    24 ||   155
         Kite shield       |       |       |       |       |       |       |       |   431 ||   431

Table legend: (Time is in decaauts)
 A = Elapsed time spent in this place.
 B = Non-inter-level travel time spent in this place.
 C = Inter-level travel time spent in this place.
 D = Time resting spent in this place.
 E = Time spent auto-exploring this place.
 F = Levels seen in this place.
 G = Mean time per level.
                   A        B        C        D        E       F      G
               +--------+--------+--------+--------+--------+-----+--------+
         Total |  49231 |  46309 |   2922 |   4136 |  32507 |  46 | 1070.2 |
       Dungeon |  14992 |  13927 |   1065 |    440 |  10611 |  15 |  999.5 |
        Temple |      1 |      1 |      0 |      0 |      0 |   1 |    1.0 |
          Lair |   5874 |   5383 |    491 |    808 |   3692 |   5 | 1174.8 |
         Swamp |   4032 |   3872 |    160 |    581 |   2556 |   4 | 1008.0 |
   Spider Nest |   4709 |   4463 |    246 |    452 |   3081 |   4 | 1177.2 |
  Orcish Mines |   1458 |   1282 |    176 |      0 |    931 |   2 |  729.0 |
   Elven Halls |   4449 |   4232 |    217 |    445 |   2825 |   3 | 1483.0 |
        Vaults |   9527 |   8990 |    537 |   1196 |   6062 |   5 | 1905.4 |
         Crypt |   1224 |   1197 |     27 |      0 |    948 |   2 |  612.0 |
        Bazaar |    102 |    102 |      0 |      0 |     93 |   1 |  102.0 |
        Bailey |    388 |    388 |      0 |      0 |    250 |   1 |  388.0 |
      Ice Cave |    840 |    840 |      0 |      0 |    614 |   1 |  840.0 |
        Wizlab |    879 |    879 |      0 |      6 |    437 |   1 |  879.0 |
      Gauntlet |    752 |    752 |      0 |    207 |    407 |   1 |  752.0 |
               +--------+--------+--------+--------+--------+-----+--------+

Top non-repeatable levels by time:
Vaults:4: 2576 daAuts
Vaults:2: 2065 daAuts
  Lair:3: 1837 daAuts
   Elf:3: 1708 daAuts
Vaults:1: 1654 daAuts
  Lair:5: 1627 daAuts
Vaults:3: 1624 daAuts
Vaults:5: 1606 daAuts
    D:11: 1478 daAuts
Spider:4: 1462 daAuts
Spider:3: 1404 daAuts
   Elf:2: 1402 daAuts
    D:10: 1396 daAuts
   Elf:1: 1337 daAuts
    D:15: 1330 daAuts
